 Dungeon Crawl Stone Soup version 0.32-a0-660-g97ce250973 (webtiles) character file.

Game seed: 10421574044166239116

203 Jannitor the Ducker (level 5, 0/44 HPs)
             Began as a Draconian Hexslinger on Mar 9, 2024.
             Succumbed to an orc wizard's poison
             ... on level 3 of the Dungeon.
             The game lasted 00:04:31 (2679 turns).

Jannitor the Ducker (Draconian Hexslinger)          Turns: 2679, Time: 00:04:31

Health: 0/44       AC:  5    Str: 10    XL:     5   Next: 51%
Magic:  8/8        EV: 13    Int: 14    God:
Gold:   227        SH:  0    Dex: 15    Spells: 8/8 levels left

rFire   . . .        a - +1 sling (drain)
rCold   . . .        (no shield)
rNeg    + . .        (body armour unavailable)
rPois   .            (helmet restricted)
rElec   .            (no cloak)
rCorr   .            (no gloves)
SInv    .            (no boots)
Will    .....        (no amulet)
Stlth   +            d - ring of positive energy
HPRegen 0.27/turn    g - ring of flight
MPRegen 0.11/turn

%: no passive effects
@: lethally poisoned (0 -> -25), flying
A: AC +5, unfitting armour, cold-blooded
a: no special abilities


You were on level 3 of the Dungeon.
You visited 1 branch of the dungeon, and saw 4 of its levels.

You collected 227 gold pieces.

Inventory:

Hand Weapons
 a - a +1 sling of draining (weapon)
Armour
 e - an orb of guile
Jewellery
 d - a ring of positive energy (left hand)
 g - a ring of flight (right hand)
Talismans
 k - a flux talisman
Scrolls
 b - a scroll of poison
 h - a scroll of blinking {unknown}
 i - a scroll of torment {unknown}
 m - a scroll of teleportation {unknown}
Potions
 c - a potion of mutation {unknown}
 l - a potion of degeneration {unknown}


   Skills:
 + Level 2.9 Fighting
 + Level 2.9 Ranged Weapons
 + Level 3.0 Dodging
 + Level 2.4 Spellcasting
 - Level 2.8 Hexes
 - Level 1.2 Fire Magic


You had 8 spell levels left.
You didn't know any spells.
Your spell library contained the following spells:

 Spells                   Type           Power      Damage    Failure   Level
 Jinxbite                 Hex            18%        N/A       11%         2
 Sigil of Binding         Hex            9%         N/A       21%         3
 Inner Flame              Hex/Fire       7%         N/A       28%         3
 Cause Fear               Hex            4%         N/A       56%         4
 Dimensional Bullseye     Hex/Tloc       2%         N/A       77%         4


Dungeon Overview and Level Annotations

Branches:
Dungeon (4/15)
 Temple: D:4-7

Altars:


Innate Abilities, Weirdness & Mutations

Your plain brown scales are hard. (AC +5)
You cannot fit into any form of body armour.
You are cold-blooded and may be slowed by cold attacks.


Message History

Unknown command.
You shoot a sling bullet.
The sling bullet barely misses the orc wizard.
You feel sick.
The orc wizard gestures at you while chanting.
The magic dart hits you.
Unknown command.
You shoot a sling bullet. The sling bullet hits the orc wizard.
You drain the orc wizard.
The orc wizard is severely wounded.
You feel sick. The orc wizard completely misses you.
Unknown command.
You shoot a sling bullet.
The sling bullet completely misses the orc wizard.
You feel sick.
The orc wizard hits you but does no damage.
You are lethally poisoned!
Unknown command.
You feel better.
The orc wizard hits you with a +1 dagger of venom.
You are poisoned.
You shoot a sling bullet.
The sling bullet hits the orc wizard but does no damage.
You drain the orc wizard.
The orc wizard is almost dead.
You feel very sick. The orc wizard barely misses you.
The orc wizard hits you with a +1 dagger of venom.
* * * LOW HITPOINT WARNING * * *
You are lethally poisoned!
You shoot a sling bullet.
The sling bullet closely misses the orc wizard.
* * * LOW HITPOINT WARNING * * *
You feel very sick.
The orc wizard hits you but does no damage.
You are more poisoned.
Unknown command.
You shoot a sling bullet. The sling bullet hits the orc wizard.
You kill the orc wizard!
You die...

#.#..##.##.##.# #.# #
#.#...#.##.##.# #<# #
#.#...........# #.# #
#.#.#.#.##.#### #.# #
##.#...#.##.########.# #
#....#.#.##..........# #
##..###..)......####.####### #
#.#.#.#####.##.###...##...######
#.##.## #.#..@).)รท)...#....[##
#.##.# #.#..###>[.##.(.###.##
#.##.# #.#..# ##.####### #.##
#.##.# #.#..# #.# ##.## #.##.#
#.#..# #.# #..## #.##.### #.(..#
#.# #.#.. #.##...####.##.####.#
#.#.. #.............).....#
#.#..
######.##...##.#############.#..


There were no monsters in sight!

Vanquished Creatures
  Jessica (D:2)
  2 orc wizards (D:3)
  3 gnolls (D:3)
  4 adders
  A dart slug (D:2)
  A ribbon worm (D:2)
  3 orcs
  6 bats
  4 endoplasms
  4 giant cockroaches
  5 goblins
  2 hobgoblins (D:1)
  12 jackals
  5 quokkas
  8 ball pythons
  3 frilled lizards
  5 kobolds
  9 rats
78 creatures vanquished.

Notes
Turn   | Place    | Note
-------+----------+-------------------------------------------
     0 | D:1      | Jannitor the Draconian Hexslinger began the quest for the
                  | Orb.
     0 | D:1      | Reached XP level 1. HP: 16/16 MP: 2/2
    89 | D:1      | Reached XP level 2. HP: 23/23 MP: 3/3
   165 | D:1      | Reached skill level 2 in Dodging
   676 | D:2      | Reached XP level 3. HP: 16/29 MP: 5/5
   855 | D:2      | Noticed Jessica
   863 | D:2      | Killed Jessica
   880 | D:2      | Reached XP level 4. HP: 17/36 MP: 6/6
  1878 | D:3      | Reached XP level 5. HP: 36/42 MP: 8/8
  2539 | D:3      | Reached skill level 3 in Dodging
  2679 | D:3      | Succumbed to an orc wizard's poison

Illustrated notes

Levels and vault maps discovered:
D:1:      evilmike_arrival_plus, layout_basic
D:2:      layout_rooms, uniq_jessica
D:3:      layout_loops_ring
D:4:      layout_loops_cross, nicolae_shop_sticking_my_neck_out

Skill      XL: |  1  2  3  4  5 |
---------------+----------------+-----
Dodging        | 2 3 |  3.0
Ranged Weapons | 2 |  2.9
Fighting       | 2 |  2.9
Spellcasting   | 2 |  2.4
Hexes          | |  2.8
Fire Magic     | |  1.2

Action                     |  1- 3 |  4- 6 || total
---------------------------+-------+-------++-------
   Fire: Sling             |    92 |   187 ||   279
    Use: Potion            |     2 |     1 ||     3
         Scroll            |       |     1 ||     1
 Armour: Skin              |    33 |    93 ||   126
  Dodge: Dodged            |    38 |   105 ||   143

Table legend: (Time is in decaauts)
 A = Elapsed time spent in this place.
 B = Non-inter-level travel time spent in this place.
 C = Inter-level travel time spent in this place.
 D = Time resting spent in this place.
 E = Time spent auto-exploring this place.
 F = Levels seen in this place.
 G = Mean time per level.
                   A        B        C        D        E       F      G
               +--------+--------+--------+--------+--------+-----+--------+
         Total |   2742 |   2667 |     75 |    617 |   1491 |   4 |  685.5 |
       Dungeon |   2742 |   2667 |     75 |    617 |   1491 |   4 |  685.5 |
               +--------+--------+--------+--------+--------+-----+--------+

Top non-repeatable levels by time:
     D:3: 1182 daAuts
     D:2: 876 daAuts
     D:1: 646 daAuts
     D:4: 37 daAuts
